 Dungeon Crawl Stone Soup version 0.31-a0-655-gf2d5465dac (webtiles) character file.

Game seed: 14823015812413619180

6612 Revguard the Trooper (level 11, -4/84 HPs)
             Began as a Human Fighter on Aug 28, 2023.
             Was a Priest of Zin.
             Slain by a death yak (16 damage)
             ... on level 7 of the Dungeon on Aug 30, 2023.
             The game lasted 00:28:01 (7791 turns).

Revguard the Trooper (Human Fighter)                Turns: 7791, Time: 00:28:03

Health: -4/84      AC: 23    Str: 21    XL:     11   Next: 21%
Magic:  15/15      EV: 11    Int:  8    God:    Zin [***...]
Gold:   180        SH:  7    Dex: 19    Spells: 10/10 levels left

rFire   + . .        x - +0 morningstar
rCold   . . .        c - +1 buckler
rNeg    . . .        q - +0 chain mail
rPois   .            o - +0 helmet
rElec   +            l - +2 cloak "Riekasan" {rElec rF+}
rCorr   .            a - +2 pair of gloves
SInv    .            (no boots)
Will    .....        (no amulet) Stlth
                     h - +6 ring of dexterity
HPRegen 0.34/turn    u - +4 ring of protection
MPRegen 0.14/turn

%: no passive effects
@: no status effects
A: passive freeze, shaggy fur 1
a: Renounce Religion, Recite, Vitalisation, Imprison, Donate Gold


You were on level 7 of the Dungeon.
You worshipped Zin.
Zin was most pleased with you.
You visited 2 branches of the dungeon, and saw 9 of its levels.
You also visited: Bailey.

You collected 385 gold pieces.
You donated 205 gold pieces to Zin.

Inventory:

Hand Weapons
 m - a +2 executioner's axe of electrocution
 x - a +0 morningstar (weapon)
 y - a +6 war axe
Missiles
 t - a throwing net
Armour
 a - a +2 pair of gloves (worn)
 c - a +1 buckler (worn)
 i - a +0 pair of gloves
 l - the +2 cloak "Riekasan" (worn) {rElec rF+}
   (You found it on level 2 of the Dungeon)

   rF+:       It protects you from fire.
   rElec:     It insulates you from electricity.
 o - a +0 helmet (worn)
 q - a +0 chain mail (worn)
Jewellery
 b - an amulet of faith
 g - the ring "Isoum" {Ice rPois Dex-5 SInv}
   (You found it on level 3 of the Dungeon)

   [ring of ice]

   Ice:       It enhances your ice magic.
   Dex-5:     It affects your dexterity (-5).
   rF-:       It makes you vulnerable to fire.
   rC+:       It protects you from cold.
   rPois:     It protects you from poison SInv: It lets you see invisible.
 h - a +6 ring of dexterity (left hand)
 u - a +4 ring of protection (right hand)
 w - a ring of wizardry
Scrolls
 e - 3 scrolls of enchant weapon
 j - a scroll of torment
 k - 3 scrolls of noise
 A - a scroll of poison
Potions
 d - a potion of might
 f - 5 potions of resistance
 n - a potion of mutation
 p - 2 potions of curing
 r - a potion of invisibility
 s - a potion of magic {unknown}


   Skills:
 + Level 7.1 Fighting
 + Level 6.6 Maces & Flails
 + Level 6.9 Armour
 + Level 5.9 Dodging
 + Level 6.8 Shields
 + Level 6.5 Invocations
 + Level 6.0 Evocations


You had 10 spell levels left.
You didn't know any spells.
Your spell library contained the following spells:

 Spells                   Type           Power      Damage    Failure   Level
 Freeze                   Ice            0%         1d3       97%         1
 Scorch                   Fire           0%         2d5       99%         2
 Frozen Ramparts          Ice            0%         1d1       100%        3
 Hailstorm                Conj/Ice       0%         3d3       100%        3
 Volatile Blastmotes      Fire/Tloc      0%         2d10      100%        3
 Iskenderun's Mystic Bla  Conj/Tloc      0%         2d3       100%        4
 Malign Gateway           Summ/Tloc      0%         N/A       100%        7


Dungeon Overview and Level Annotations

Branches:
Dungeon (8/15)             Temple (1/1) D:4          Bailey (visited)
   Lair: D:8-11

Altars:
Ashenzari
Cheibriados
Dithmenos
Elyvilon
Fedhas
Gozag
Hepliaklqana
Kikubaaqudgha
Makhleb
Nemelex Xobeh
Okawaru
Qazlal
Ru
Sif Muna
Trog
Uskayaw
Vehumet
Wu Jian
Xom
Yredelemnul
Zin
The Shining One

Shops:
D:6 (   D:7 (


Innate Abilities, Weirdness & Mutations

A frigid envelope surrounds you and freezes all who hurt you.
You are covered in fur. (AC +1)


Message History

The death yak is lightly wounded.
The death yak gores you but does no damage.
The death yak is very cold.
The death yak is lightly wounded.
The death yak gores you.
The death yak is very cold.
The death yak is lightly wounded.
There is a stone staircase leading up here.
Things that are here:
a +0 leather armour; a +0 whip The death yak gores you!!
The death yak is very cold.
The death yak is lightly wounded.
The death yak gores you.
The death yak is very cold.
The death yak is lightly wounded.
You climb upwards.
There is a stone staircase leading down, spattered with blood here.
Aiming: Quicksilver Bolt
Press: ? - help, Shift-Dir - straight line, f - death yak
Aim: a death yak (lightly wounded, 91% to hit)
The bolt of dispelling energy hits the death yak!!
The death yak is heavily wounded.
The bolt of dispelling energy hits the death yak!!
The death yak is moderately wounded.
The now-empty wand crumbles to dust.
The death yak gores you!
The death yak is very cold.
The death yak is heavily wounded.
You barely miss the death yak.
The death yak is heavily wounded.
You block the death yak's attack.
You puncture the death yak!
The death yak is severely wounded.
The death yak gores you!
The death yak is very cold.
The death yak is severely wounded.
You barely miss the death yak.
The death yak is severely wounded.
The death yak gores you!!
* * * LOW HITPOINT WARNING * * *
The death yak is very cold.
The death yak is severely wounded.
The death yak gores you!
You die...

#### ...# #####################
.#.# #................[..# |#.#
#.#######.#########.# .#.# #.#
#.............. ##.# #.#
#.#..#####.##.# #.# #.# ###.#..#
#.##.# #.##########.###......#
#.##.# #............YY@......#
#.....
#########.###<###.#.#..#####....#
.<........# #.##.###.........#..#
.############.###.#.#.###########
.# #......##...........#.#.#...#
.# #.####................#...#..
.# #.# #########..#.###...#.#.#
.# #.# #..#...#...#.#.# .#
#.######## #..#.#.[.#...#..


You could see 2 death yaks.

Vanquished Creatures
  A death yak (D:7)
  The ghost of grizmgrazm2 the Thaumaturge, a novice DECj (D:7)
  The ghost of qipq the Ducker, a novice FeSh of Gozag (D:7)
  A wyvern (D:8)
  Menkaure (D:4)
  2 water moccasins (D:6)
  Duvessa (D:6)
  3 ice beasts (D:7)
  8 orc warriors (Bailey)
  3 black bears
  12 centaurs
  3 ogres
  3 phantoms
  Blork the orc (D:4)
  A kobold brigand (D:6)
  2 bullfrogs (D:7)
  2 scorpions
  12 wights
  Dowan (D:6)
  A howler monkey (D:7)
  2 jellies (D:6)
  2 hounds
  A gnoll bouda (D:8)
  4 orc priests
  A sleepcap (D:5)
  Ijyb (D:5)
  3 iguanas
  Natasha (D:4)
  5 orc wizards
  12 gnolls
  9 adders
  2 shadow imps
  A white imp (D:5)
  2 ufetubi
  3 dart slugs
  60 orcs
  4 ball pythons
  8 endoplasms
  3 giant cockroaches
  8 goblins
  8 hobgoblins
  5 jackals
  2 quokkas
  7 bats
  4 frilled lizards
  12 kobolds
  5 rats
235 creatures vanquished.

Notes
Turn   | Place    | Note
-------+----------+-------------------------------------------
     0 | D:1      | Revguard the Human Fighter began the quest for the Orb.
     0 | D:1      | Reached XP level 1. HP: 18/18 MP: 1/1
    56 | D:1      | Reached XP level 2. HP: 24/24 MP: 2/2
   495 | D:1      | Upgraded the game from 0.31-a0-640-g39d97e502b to
                  | 0.31-a0-655-gf2d5465dac
   509 | D:2      | Identified the +2 cloak "Riekasan" {rElec rF+}
   520 | D:2      | Reached XP level 3. HP: 29/29 MP: 3/3
  1125 | D:2      | Gained mutation: Your magical capacity is low. (-10% MP)
                  | [potion of mutation]
  1125 | D:2      | Gained mutation: Your body sometimes deteriorates upon
                  | taking damage. [potion of mutation]
  1126 | D:2      | Lost mutation: Your body sometimes deteriorates upon taking
                  | damage. [potion of mutation]
  1126 | D:2      | Lost mutation: Your magical capacity is low. (-10% MP)
                  | [potion of mutation]
  1126 | D:2      | Gained mutation: You are covered in fur. (AC +1) [potion of
                  | mutation]
  1126 | D:2      | Gained mutation: A frigid envelope surrounds you and
                  | freezes all who hurt you. [potion of mutation]
  1189 | D:3      | Reached skill level 1 in Dodging
  1222 | D:3      | Reached skill level 1 in Invocations
  1222 | D:3      | Reached XP level 4. HP: 35/35 MP: 4/4
  1262 | D:3      | Reached skill level 1 in Evocations
  1360 | D:3      | Identified the ring "Isoum" {Ice rPois Dex-5 SInv}
  1710 | D:3      | Reached XP level 5. HP: 41/41 MP: 5/5
  2057 | D:4      | Found a hide-covered altar of Uskayaw.
  2138 | D:4      | Found a sparkling altar of Nemelex Xobeh.
  2167 | D:4      | Noticed a phantom
  2184 | D:4      | Killed a phantom
  2185 | D:4      | Reached XP level 6. HP: 42/48 MP: 7/7
  2328 | D:4      | Noticed a black bear
  2333 | D:4      | Killed a black bear
  2334 | D:4      | Reached skill level 4 in Fighting
  2334 | D:4      | Reached XP level 7. HP: 51/54 MP: 8/8
  2391 | D:4      | Noticed Blork the orc
  2404 | D:4      | Killed Blork the orc
  2475 | D:4      | Noticed Menkaure
  2485 | D:4      | Killed Menkaure
  2617 | D:4      | Noticed Natasha
  2627 | D:4      | Killed Natasha
  2812 | D:4      | Found a staircase to the Ecumenical Temple.
  2834 | Temple   | Entered the Ecumenical Temple
  2847 | Temple   | Became a worshipper of Zin the Law-Giver
  2847 | Temple   | Reached * piety under Zin
  2922 | D:5      | Entered Level 5 of the Dungeon
  3087 | D:5      | Reached XP level 8. HP: 52/61 MP: 10/10
  3557 | D:5      | Reached ** piety under Zin
  3783 | D:5      | Found a shadowy altar of Dithmenos.
  3898 | D:5      | Noticed Ijyb
  3906 | D:5      | Killed Ijyb
  4139 | D:6      | Reached skill level 5 in Fighting
  4240 | D:6      | Reached XP level 9. HP: 68/68 MP: 11/11
  4243 | D:6      | Reached skill level 5 in Armour
  4243 | D:6      | Reached skill level 5 in Shields
  4340 | D:6      | Found Wubreche's Antique Weapon Shoppe.
  5005 | D:6      | Noticed Dowan
  5006 | D:6      | Noticed Duvessa
  5037 | D:6      | Killed Duvessa
  5040 | D:6      | Killed Dowan
  5041 | D:6      | Reached skill level 5 in Maces & Flails
  5493 | D:7      | Found Yminegis's Weapon Boutique.
  5766 | D:7      | Found a stormy altar of Qazlal.
  5794 | D:7      | Found a flagged portal.
  5803 | Bailey   | Entered a bailey
  5890 | Bailey   | Reached skill level 5 in Invocations
  5890 | Bailey   | Reached XP level 10. HP: 70/76 MP: 13/13
  5938 | Bailey   | Reached skill level 6 in Fighting
  6143 | Bailey   | Reached skill level 5 in Evocations
  6151 | Bailey   | Reached skill level 5 in Dodging
  6422 | Bailey   | Got the Directory of Translocational Burning
  6773 | D:7      | Found a runed translucent gate.
  6773 | D:7      | Found a runed translucent gate.
  6773 | D:7      | Found a runed translucent gate.
  6777 | D:7      | Noticed qipq's ghost (novice FeSh)
  6777 | D:7      | Noticed grizmgrazm2's ghost (novice DECj)
  6814 | D:7      | Killed grizmgrazm2's ghost
  6824 | D:7      | Killed qipq's ghost
  6836 | D:7      | Reached *** piety under Zin
  6931 | D:7      | Reached XP level 11. HP: 83/83 MP: 15/15
  7147 | D:7      | Donated 167 gold pieces to Zin
  7585 | D:8      | Noticed a death yak
  7586 | D:8      | Noticed a death yak
  7586 | D:8      | Noticed a death yak
  7586 | D:8      | Noticed a death yak
  7587 | D:8      | Noticed a death yak
  7587 | D:8      | Noticed a death yak
  7610 | D:7      | Killed a death yak
  7611 | D:7      | Reached skill level 7 in Fighting
  7791 | D:7      | Slain by a death yak

Illustrated notes

Levels and vault maps discovered:
D:1:      dpeg_arrival_rooms_b, layout_rooms, minmay_misc_feat_four_crosses,
          st_stairs_5
D:2:      layout_loops_ring
D:3:      layout_loops_ring, serial_bayou, serial_bayou_shore_a,
          serial_bayou_lake_a, serial_bayou_lagoon_a, serial_bayou_ford_a
D:4:      layout_rooms, mainiacjoe_overflow_paths, nemelex_diamond_rough_becter,
          minmay_temple_entry_poolview, hangedman_abyss_or_decor_stabs,
          minmay_cut_off, uniq_blork_the_orc, uniq_menkaure, uniq_natasha
D:5:      layout_gridville, mainiacjoe_overflow_six_doors_small, uniq_ijyb
D:6:      layout_layer_cave, serial_shops, nicolae_shop_rolling_square,
          uniq_duvessa
D:7:      layout_loops_ring, nicolae_qazlal_scattered_showers, serial_shops,
          shop_statue, enter_bailey_2, gammafunk_ghost_cemetery,
          minmay_misc_feat_alley
D:8:      layout_cave_pools, dpeg_lair_monsters, nicolae_houndstooth_variations
Temple:   dpeg_three_leaves_temple

Skill      XL: |  1  2  3  4  5  6  7  8  9 10 11 |
---------------+----------------------------------+-----
Dodging        | 1 2 3 4 5 |  5.9
Invocations    | 1 2 3 5 6 |  6.5
Evocations     | 1 2 3 4 5 6 |  6.0
Maces & Flails | 3 4 5 6 |  6.6
Fighting       | 4 5 6 7 |  7.1
Armour         | 4 5 6 |  6.9
Shields        | 4 5 6 |  6.8

Action                     |  1- 3 |  4- 6 |  7- 9 | 10-12 || total
---------------------------+-------+-------+-------+-------++-------
  Melee: Flail             |    83 |    66 |   220 |       ||   369
         Morningstar       |       |       |    37 |   153 ||   190
 Invoke: Recite            |       |       |     2 |     5 ||     7
         Vitalisation      |       |       |       |     2 ||     2
         Donate Gold       |       |       |       |     1 ||     1
  Evoke: Wand              |       |       |     5 |     5 ||    10
    Use: Potion            |     7 |       |     2 |     6 ||    15
         Scroll            |     4 |     2 |     3 |       ||     9
 Armour: Scale mail        |    45 |    34 |       |       ||    79
         Chain mail        |       |    11 |   150 |   146 ||   307
  Dodge: Dodged            |    43 |    32 |   128 |   149 ||   352
  Block: Buckler           |    22 |    21 |   108 |   118 ||   269

Table legend: (Time is in decaauts)
 A = Elapsed time spent in this place.
 B = Non-inter-level travel time spent in this place.
 C = Inter-level travel time spent in this place.
 D = Time resting spent in this place.
 E = Time spent auto-exploring this place.
 F = Levels seen in this place.
 G = Mean time per level.
                   A        B        C        D        E       F      G
               +--------+--------+--------+--------+--------+-----+--------+
         Total |   8019 |   7805 |    214 |    565 |   5023 |  10 |  801.9 |
       Dungeon |   7167 |   6953 |    214 |    340 |   4979 |   8 |  895.9 |
        Temple |     42 |     42 |      0 |      0 |      0 |   1 |   42.0 |
        Bailey |    809 |    809 |      0 |    225 |     44 |   1 |  809.0 |
               +--------+--------+--------+--------+--------+-----+--------+

Top non-repeatable levels by time:
     D:7: 1464 daAuts
     D:6: 1422 daAuts
     D:5: 1195 daAuts
     D:4: 916 daAuts
     D:3: 892 daAuts
  Bailey: 809 daAuts
     D:2: 670 daAuts
     D:1: 516 daAuts
     D:8: 90 daAuts
  Temple: 42 daAuts
